 Dungeon Crawl Stone Soup version 0.23.2-1-ga50397a (webtiles) character file.

Game seed: 13501326324661986478

41 Borgoz the Slasher (level 3, 0/49 HPs)
             Began as a Minotaur Monk on May 25, 2019.
             Succumbed to a scorpion's poison
             ... on level 2 of the Dungeon.
             The game lasted 00:01:04 (796 turns).

Borgoz the Slasher (Minotaur Monk)                   Turns: 796, Time: 00:01:04

Health: 0/49       AC: 21    Str: 13 (15) XL:     3   Next: 32%
Magic:  2/2        EV:  2    Int:  4 (7)  God:
Gold:   86         SH:  0    Dex: 12 (13) Spells: 2/2 levels left

rFire    . . .     SeeInvis .   a - +0 falchion
rCold    . . .     Gourm    .   (no shield)
rNeg     + + +     Faith    .   (armour currently unavailable)
rPois    +         Spirit   .   (helmet currently unavailable)
rElec    .         Reflect  .   (cloak currently unavailable)
rCorr    .         Harm     .   (gloves currently unavailable)
MR       .....     NoTele   +   (boots currently unavailable)
Stlth    ++........             (no amulet)
HPRegen  0.16/turn              (no ring)
MPRegen  0.08/turn              (no ring)

@: lethally poisoned (0 -> -11), tree-form
A: (retaliatory headbutt)
a: no special abilities


You were on level 2 of the Dungeon.
You were not hungry.
You were a tree.
You visited 1 branch of the dungeon, and saw 2 of its levels.

You collected 86 gold pieces.

Inventory:

Hand Weapons
 a - a +0 falchion (weapon)
 p - a +0 vampiric dagger
Armour
 b - a +0 robe (melded)
Jewellery
 e - an uncursed ring of see invisible {unknown}
 g - an uncursed amulet of rage {unknown}
Scrolls
 d - 3 scrolls of teleportation {unknown}
 h - 2 scrolls of remove curse {unknown}
 i - a scroll of identify {unknown}
 m - a scroll of fear {unknown}
 o - a scroll of enchant weapon {unknown}
Potions
 l - a potion of heal wounds {unknown}
 n - a potion of flight {unknown}
Comestibles
 c - 4 rations
 j - 7 chunks of flesh


   Skills:
 + Level 4.1 Fighting
 + Level 4.1 Long Blades
 + Level 1.6 Armour
 + Level 3.7 Dodging
 - Level 1.5 Stealth


You had 2 spell levels left.
You didn't know any spells.
Your spell library was empty.

Dungeon Overview and Level Annotations

Branches:
Dungeon (2/15)

Altars:
Ru

Annotations:
D:2 Terence


Innate Abilities, Weirdness & Mutations

((You reflexively headbutt those who attack you in melee.))
((You have a pair of horns on your head.))


Message History

* * * LOW HITPOINT WARNING * * *
You feel sick.
* * * LOW HITPOINT WARNING * * *
You feel sick.
* * * LOW HITPOINT WARNING * * *
You feel sick. The giant cockroach bites you.
* * * LOW HITPOINT WARNING * * *
* * * LOW HITPOINT WARNING * * *
You feel sick.
* * * LOW HITPOINT WARNING * * *
You feel sick.
It was a potion of degeneration.
There was something very wrong with that liquid.
You feel weakened.
You feel dopey.
You feel clumsy.
* * * LOW HITPOINT WARNING * * *
You feel sick.
The giant cockroach bites you but does no damage.
It was a potion of lignification.
You turn into a tree.
Your +0 robe melds into your body.
Your roots penetrate the ground.
You die...

##.#..##
#.........# #
.......#
#.........##)#
÷......#
#...........♣
.......#
#..........♣♣
.......#
######w.♣♣♣.♣
.......#
##@.♣♣
.......# #...♣
.......##
#ss♣♣
........# #♣♣♣
........#
##..♣
#######.#
#..♣♣ ♣♣ # .#
#..♣♣♣.♣ # ..
#..♣♣.♣ # ...
#..♣..# [... #
..#. #.†...#
..... # ..
#####.#
#........# #
#.###........#


You could see Terence, a worm, a scorpion and a giant cockroach.

Vanquished Creatures
  An adder (D:2)
  2 worms (D:2)
  2 dart slugs
  A leopard gecko (D:2)
  A giant cockroach (D:2)
  2 hobgoblins (D:2)
  A quokka (D:2)
  3 bats
  4 goblins
  3 kobolds
  3 rats (D:2)
23 creatures vanquished.

Notes
Turn   | Place    | Note
-------+----------+-------------------------------------------
     0 | D:1      | Borgoz the Minotaur Monk began the quest for the Orb.
     0 | D:1      | Reached XP level 1. HP: 19/19 MP: 0/0
   411 | D:2      | Reached XP level 2. HP: 24/27 MP: 1/1
   478 | D:2      | Reached skill level 1 in Armour
   615 | D:2      | Reached XP level 3. HP: 26/33 MP: 2/2
   736 | D:2      | Found a sacrificial altar of Ru.
   778 | D:2      | Noticed a scorpion
   783 | D:2      | Noticed Terence
   795 | D:2      | HP: 1/33 [poisoned by a scorpion]
   796 | D:2      | Succumbed to a scorpion's poison

Skill      XL: |  1  2 |
---------------+-------+-----
Armour         | 1 |  1.6
Long Blades    | 4 |  4.1
Fighting       | 4 |  4.1
Dodging        | |  3.7
Stealth        | |  1.5

Action                   || total
-------------------------++-------
Melee: Falchion          ||    48
       Headbutt          ||     8
  Use: Potion            ||     2
 Stab: Sleeping          ||     1
Armor: Robe              ||     9
Dodge: Dodged            ||    33
       Rpst.: Falchion   ||    11
